 Dungeon Crawl Stone Soup version 0.27-a0-1200-g94dc6ad4cf (webtiles) character file.

Game seed: 8117498843085815785

105 bilbop the Magician (level 5, -1/38 HPs)
             Began as a Djinni Venom Mage on May 30, 2021.
             Slain by an orc wizard
             ... wielding a +0 dagger
              (3 damage)
             ... on level 3 of the Dungeon.
             The game lasted 00:11:12 (3567 turns).

bilbop the Magician (Djinni Venom Mage)             Turns: 3567, Time: 00:11:12

Health: -1/38      AC:  2    Str:  7    XL:     5   Next: 9%
Gold:   83         EV: 12    Int: 17    God:
                   SH:  0    Dex: 14

rFire    + + .     SeeInvis .   d - +0 dagger
rCold    x . .     Faith    .   (no shield)
rNeg     . . .     Spirit   .   a - +0 robe
rPois    ∞         Reflect  .   (no helmet)
rElec    .         Harm     .   (no cloak)
rCorr    .         Rampage  .   (no gloves)
Will     .....                  (boots unavailable)
Stlth    ++........             (no amulet)
HPRegen  0.12/turn              (no ring)
MPRegen  0.00/turn              (no ring)

@: flying
A: sickness immunity, fire resistance 2, cold vulnerability 1, float, innate
caster, hp casting, extra vitality 1
a: no special abilities


You were on level 3 of the Dungeon.
You visited 1 branch of the dungeon, and saw 3 of its levels.

You collected 83 gold pieces.

Inventory:

Hand Weapons
 d - a +0 dagger (weapon)
Missiles
 i - a throwing net
Armour
 a - a +0 robe (worn)
Scrolls
 b - 3 scrolls of teleportation {unknown}
 c - 2 scrolls of identify {unknown}
 f - 2 scrolls of enchant armour {unknown}
 h - a scroll of vulnerability {unknown}
 k - a scroll of fear {unknown}
Potions
 e - 2 potions of heal wounds {unknown}
 g - a potion of flight {unknown}
 j - a potion of degeneration {unknown}


   Skills:
 + Level 2.0 Fighting
 + Level 1.6 Short Blades
 - Level 2.1 Dodging
 + Level 2.5 Stealth
 + Level 2.9 Spellcasting


You couldn't memorise any spells.
You knew the following spells:

 Your Spells              Type           Power      Damage    Failure   Level
a - Sting                 Tmut/Pois      48%        1d5       5%          1
b - Poisonous Vapours     Pois/Air       24%        N/A       8%          2
c - Mephitic Cloud        Conj/Pois/Air  12%        N/A       16%         3
d - Ignite Poison         Fire/Tmut/Pois 12%        N/A       16%         3
e - Olgreb's Toxic Radia  Pois           12%        N/A       45%         4
f - Apportation           Tloc           24%        N/A       5%          1
g - Call Imp              Summ           12%        N/A       8%          2
Your spell library was empty.

Dungeon Overview and Level Annotations

Branches:
Dungeon (3/15)

Altars:
Xom


Innate Abilities, Weirdness & Mutations

You are immune to sickness and miasma.
You are immune to poison.
Your flesh is very heat resistant. (rF++)
You are vulnerable to cold. (rC-)
You float through the air rather than walking.
You learn spells naturally, not from books.
Your magical power is your life essence.
You have superior vitality. (+4 HP)


Message History

Aiming: Sting (safe; 5% risk of failure)
Press: ? - help, Shift-Dir - straight line
* * * LOW HITPOINT WARNING * * *
Something hits your shadow imp.
Your shadow imp hits something.
Your shadow imp misses something.
Your crimson imp closely misses the orc.
What are your orders? t - Shout!
Orders for allies: a - Attack new target. r - Retreat! s - Stop attacking. g - Guard the area. f - Follow me.
Anything else - Cancel.
Gang up on whom?
Press: ? - help, Dir - move target, f - orc
Aim: an orc, wielding a +0 dagger and wearing a +0 leather armour (ally target) Attack!
Your shadow imp disappears in a puff of smoke!
Your white imp hits the orc.
Your white imp freezes the orc.
Your shadow imp hits the orc.
The orc dies!
A worm comes into view.
Something hits you.
* * * LOW HITPOINT WARNING * * *
Your shadow imp misses something.
Things that are here:
a +0 dagger; a +0 leather armour You hit something but do no damage.
Something hits you.
* * * LOW HITPOINT WARNING * * *
The worm bites your white imp.
You barely miss something.
Your white imp hits the worm.
Your white imp freezes the worm.
Your shadow imp barely misses something.
Something hits you but does no damage.
You closely miss something.
Your white imp hits the worm.
Your white imp freezes the worm.
Your shadow imp hits something.
The worm bites your white imp. Something hits you.
* * * LOW HITPOINT WARNING * * *
You miss something.
Your white imp barely misses the worm.
Your shadow imp hits something.
Something hits you.
You die...

#...........#
##.#.##.######
......#....####
###.#..#.......#
.........#.##.#
.#.#..#..#.##.#
....w..........
#####5...#.##.#
#<@..)#.#
##55#.# # #..#.#
!..#.# .#.##{#
#.... .# #....
.# ....


You could see a worm (ally target), a friendly crimson imp (summoned), a
friendly white imp (summoned) and a friendly shadow imp (summoned).

Vanquished Creatures
  An orc wizard (D:3)
  A hound skeleton (D:2)
  An adder (D:3)
  2 worms
  An orc (D:3)
  5 endoplasms
  3 giant cockroaches
  8 goblins
  A hobgoblin (D:1)
  5 jackals
  6 kobolds
  3 quokkas
  5 ball pythons
  3 bats
  2 frilled lizards
  2 rats (D:1)
49 creatures vanquished.

Vanquished Creatures (collateral kills)
  An orc (D:3)
1 creature vanquished.

Grand Total: 50 creatures vanquished

Notes
Turn   | Place    | Note
-------+----------+-------------------------------------------
     0 | D:1      | bilbop the Djinni Venom Mage began the quest for the Orb.
     0 | D:1      | Reached XP level 1. HP: 15/15 MP: 0/0
   315 | D:1      | Reached XP level 2. HP: 9/22 MP: 0/0
   863 | D:1      | Reached skill level 1 in Fighting
  1263 | D:1      | You are sucked into a shaft and drop 1 floor!
  1266 | D:2      | Reached XP level 3. HP: 27/27 MP: 0/0
  1266 | D:2      | Learned a level 1 spell: Apportation
  1356 | D:2      | Reached skill level 1 in Short Blades
  1628 | D:2      | Found a shimmering altar of Xom.
  2501 | D:2      | Reached XP level 4. HP: 25/32 MP: 0/0
  2923 | D:2      | Found a faded altar of an unknown god.
  3175 | D:3      | Noticed a necrophage
  3551 | D:3      | Reached XP level 5. HP: 31/38 MP: 0/0
  3551 | D:3      | Learned a level 2 spell: Call Imp
  3567 | D:3      | Slain by an orc wizard

Illustrated notes

Levels and vault maps discovered:
D:1:      lightli_arrival_farm, layout_basic
D:2:      layout_loops_ring, basic_altar,
          hellmonk_ecumenical_altar_inner_sanctum, minivault_23
D:3:      layout_basic, serial_shops, shop_statue

Skill      XL: |  1  2  3  4 |
---------------+-------------+-----
Fighting       | 1 2 |  2.0
Stealth        | 2 |  2.5
Short Blades   | 1 |  1.6
Dodging        | |  2.1
Spellcasting   | |  2.9

Action                   |  1- 3 |  4- 6 || total
-------------------------+-------+-------++-------
Melee: Dagger            |    39 |    17 ||    56
 Cast: Sting             |    58 |    32 ||    90
       Poisonous Vapours |     2 |     3 ||     5
       Mephitic Cloud    |       |     1 ||     1
       Ignite Poison     |       |     1 ||     1
       Call Imp          |       |     4 ||     4
 Stab: Sleeping          |     3 |     1 ||     4
Armor: Robe              |    10 |     1 ||    11
Dodge: Dodged            |    41 |    23 ||    64

Table legend: (Time is in decaauts)
 A = Elapsed time spent in this place.
 B = Non-inter-level travel time spent in this place.
 C = Inter-level travel time spent in this place.
 D = Time resting spent in this place.
 E = Time spent auto-exploring this place.
 F = Levels seen in this place.
 G = Mean time per level.
                   A        B        C        D        E       F      G
               +--------+--------+--------+--------+--------+-----+--------+
         Total |   3564 |   3525 |     39 |   1006 |   2094 |   3 | 1188.0 |
       Dungeon |   3564 |   3525 |     39 |   1006 |   2094 |   3 | 1188.0 |
               +--------+--------+--------+--------+--------+-----+--------+

Top non-repeatable levels by time:
     D:2: 1535 daAuts
     D:1: 1470 daAuts
     D:3: 558 daAuts
